[Event "Titled Tuesday Blitz August 23 Late 2022"]
[White "Shimanov, Aleksandr"]
[Black "Jaracz, Pawel"]
[WhiteFideId "4198603"]
[BlackFideId "1102222"]
[WhiteElo "2605"]
[BlackElo "2459"]
[Result "0-1"]
[Round "05"]
[TimeControl "180+1"]
[Date "2022.08.23"]
[WhiteClock "0:00:00"]
[BlackClock "0:00:03"]

1. e4 c5 2. Nf3 e6 3. g3 Nc6 4. Bg2 Nf6 5. d3 d5 6. Qe2 Be7 7. e5 Nd7 8. c4 Nb6 9. O-O O-O 10. Rd1 Bd7 11. Nc3 a6 12. h4 Nd4 13. Nxd4 cxd4 14. cxd5 dxc3 15. d6 cxb2 16. Qxb2 Bxd6 17. exd6 Bc6 18. Bxc6 bxc6 19. Be3 Nd5 20. Bc5 Qa5 21. Rdc1 Rfb8 22. Qc2 Nf6 23. d4 Nd7 24. Qe4 Qa4 25. h5 Rd8 26. Qf3 h6 27. Rab1 Qxa2 28. Rb7 Qd5 29. Kg2 a5 30. Rc7 Rac8 31. Qxd5 cxd5 32. Rb1 Kh7 33. Rbb7 Rxc7 34. dxc7 Rc8 35. Bd6 a4 36. Ra7 Nb6 37. g4 Nc4 38. Bg3 f6 39. Rxa4 e5 40. dxe5 Nxe5 41. Ra7 Nxg4 42. Kf3 Ne5+ 43. Ke3 Kg8 44. Rb7 Kf7 45. Kd4 Ke6 0-1


[Site "https://www.chess.com"]

[Event "Titled Tuesday Blitz August 23 Late 2022"]
[White "Shirov, Alexei"]
[Black "Petrovic, Aleksa"]
[WhiteFideId "2209390"]
[BlackFideId "967629"]
[WhiteElo "2678"]
[BlackElo "2262"]
[Result "1-0"]
[Round "05"]
[TimeControl "180+1"]
[Date "2022.08.23"]
[WhiteClock "0:01:20"]
[BlackClock "0:00:31"]

1. e4 e5 2. Nf3 Nc6 3. Bb5 a6 4. Ba4 Nf6 5. O-O b5 6. Bb3 Bc5 7. a4 Rb8 8. c3 d6 9. d4 Bb6 10. a5 Ba7 11. h3 O-O 12. Be3 Ra8 13. Nbd2 Re8 14. Ng5 Re7 15. Ndf3 h6 16. Nxf7 Rxf7 17. dxe5 dxe5 18. Bxf7+ Kxf7 19. Nxe5+ Ke8 20. Nxc6 Qxd1 21. Raxd1 Bxe3 22. fxe3 Bb7 23. e5 Ne4 24. Nd4 Nc5 25. Nf5 Ne6 26. Nd4 Nc5 27. e6 Rd8 28. b4 Ne4 29. Rf7 Ng5 30. Rxc7 1-0


[Site "https://www.chess.com"]

[Event "Titled Tuesday Blitz August 23 Late 2022"]
[White "Slugin, Sergey"]
[Black "Tari, Aryan"]
[WhiteFideId "4122569"]
[BlackFideId "1510045"]
[WhiteElo "2330"]
[BlackElo "2612"]
[Result "0-1"]
[Round "05"]
[TimeControl "180+1"]
[Date "2022.08.23"]
[WhiteClock "0:00:33"]
[BlackClock "0:00:19"]

1. c4 g6 2. Nf3 Bg7 3. Nc3 c5 4. e3 Nf6 5. d4 cxd4 6. exd4 d5 7. cxd5 Nxd5 8. Bc4 Nxc3 9. bxc3 Qc7 10. Bb3 Qxc3+ 11. Bd2 Qd3 12. Rc1 O-O 13. Bc4 Qe4+ 14. Be3 Nc6 15. O-O Bg4 16. Ng5 Bxd1 17. Nxe4 Bg4 18. d5 Ne5 19. Bb3 Rfc8 20. d6 Bf5 21. Ng3 Bd3 22. Rxc8+ Rxc8 23. Rd1 exd6 24. f4 Ng4 25. Rxd3 Nxe3 26. Rxe3 Bd4 27. Kf2 Bxe3+ 28. Kxe3 Kf8 29. Ne4 Ke7 30. Kd2 b5 31. Bxf7 d5 32. Ng5 h6 33. Bxg6 hxg5 34. fxg5 Rg8 35. Bd3 Rxg5 36. g3 d4 37. Ke2 Re5+ 38. Kf2 b4 39. h4 Re3 40. Bc4 Rc3 41. Bb3 Re3 42. g4 Kf6 43. Bc2 Rh3 44. g5+ Ke5 45. g6 Rxh4 46. Kg3 Rh1 47. Kg2 Rc1 48. Bd3 Kf6 49. Kf3 Ra1 50. Ke4 Rxa2 51. Kxd4 a5 52. Kc4 Rb2 53. Kb5 b3 54. Kxa5 Rd2 55. Be4 b2 56. Kb4 Rd4+ 0-1


[Site "https://www.chess.com"]

[Event "Titled Tuesday Blitz August 23 Late 2022"]
[White "Tomiello, Lucas Costamilan"]
[Black "Tahbaz, Arash"]
[WhiteFideId "22701940"]
[BlackFideId "12528846"]
[WhiteElo "1998"]
[BlackElo "2378"]
[Result "0-1"]
[Round "05"]
[TimeControl "180+1"]
[Date "2022.08.23"]
[WhiteClock "0:00:03"]
[BlackClock "0:00:30"]

1. e4 g6 2. d4 Bg7 3. Nf3 d6 4. Be2 Nd7 5. O-O Ngf6 6. Nc3 e5 7. Re1 O-O 8. h3 b6 9. Be3 Bb7 10. d5 Qe7 11. Nd2 Rad8 12. Nb5 a6 13. Nc3 Ne8 14. a4 f5 15. f3 Nef6 16. b4 Nh5 17. a5 b5 18. Bf1 Qh4 19. Bf2 Qg5 20. Kh2 Bh6 21. Be3 Qg3+ 22. Kh1 Bxe3 23. Rxe3 Qg5 24. Re1 Ng3+ 25. Kh2 Nf6 26. Bd3 Nfh5 27. Ne2 Bc8 28. Nxg3 Qxg3+ 29. Kh1 Qh4 30. c4 bxc4 31. Nxc4 fxe4 32. Bxe4 Bxh3 33. gxh3 Qxh3+ 34. Kg1 Qg3+ 35. Kf1 Qh2 36. Re3 Rf4 37. Ke1 Ng3 38. Raa3 Rh4 39. Re2 Nxe2 40. Qxe2 Qg1+ 41. Kd2 Rh2 0-1


[Site "https://www.chess.com"]

[Event "Titled Tuesday Blitz August 23 Late 2022"]
[White "Vasquez Schroeder, Rodrigo"]
[Black "Yurovskykh, Oleksandr"]
[WhiteFideId "3400042"]
[BlackFideId "14134020"]
[WhiteElo "2567"]
[BlackElo "2292"]
[Result "0-1"]
[Round "05"]
[TimeControl "180+1"]
[Date "2022.08.23"]
[WhiteClock "0:00:22"]
[BlackClock "0:00:11"]

1. e4 d5 2. exd5 Qxd5 3. Nc3 Qd8 4. g3 Nf6 5. Bg2 c6 6. h3 Bf5 7. Nf3 e6 8. d3 h6 9. O-O Nbd7 10. Re1 Bd6 11. Qe2 O-O 12. Bd2 Qc7 13. a3 a5 14. Rab1 a4 15. Ne4 Be7 16. Rbd1 Bh7 17. Bf4 Qb6 18. Bc1 Nc5 19. Ned2 Rfd8 20. Nc4 Qa7 21. Nfe5 Nfd7 22. Nxf7 Kxf7 23. d4 Nf8 24. dxc5 Bxc5 25. Be3 Bxe3 26. Nxe3 Qb6 27. Nc4 Qc7 28. f4 Rxd1 29. Rxd1 Rd8 30. Re1 Kg8 31. Kh2 Qd7 32. Ne5 Qd2 33. c3 Qxe2 34. Rxe2 Nd7 35. Nf3 Nc5 36. Nd4 Kf7 37. Re3 Nb3 38. Nf3 Rd1 39. Re1 Rxe1 40. Nxe1 Nd2 41. Nf3 Nxf3+ 42. Bxf3 Bc2 43. g4 Kf6 44. h4 e5 45. g5+ Ke6 46. Kg3 exf4+ 47. Kxf4 hxg5+ 48. hxg5 Kd6 49. Be2 Kd5 50. Bf1 Bb1 51. Be2 Bc2 52. Bh5 Kc4 53. Bf7+ Kd3 54. Bg6+ Kd2 55. Bxc2 Kxc2 56. Kf5 Kxb2 57. Kg6 Kxa3 58. Kxg7 Kb2 59. Kf7 a3 60. g6 a2 61. g7 a1=Q 62. g8=Q Qa2+ 0-1


[Site "https://www.chess.com"]

[Event "Titled Tuesday Blitz August 23 Late 2022"]
[White "Vovk, Orest"]
[Black "Riff, Vincent"]
[WhiteFideId "14113490"]
[BlackFideId "617776"]
[WhiteElo "2203"]
[BlackElo "2369"]
[Result "1-0"]
[Round "05"]
[TimeControl "180+1"]
[Date "2022.08.23"]
[WhiteClock "0:01:04"]
[BlackClock "0:01:45"]

1. h4 e5 2. h5 h6 3. d4 Nc6 4. dxe5 Nxe5 5. Nc3 Nf6 6. Nf3 Nxf3+ 7. gxf3 d5 8. e4 d4 9. Ne2 Bc5 10. Nf4 c6 11. Rg1 Rg8 12. Bc4 Qb6 13. Qe2 Bd7 14. e5 Nd5 15. e6 Nxf4 16. exf7+ Kd8 17. fxg8=Q+ Kc7 18. Bxf4+ Bd6 19. Bxd6+ 1-0


[Site "https://www.chess.com"]

[Event "Titled Tuesday Blitz August 23 Late 2022"]
[White "Yanchenko, Roman"]
[Black "Kambrath, Yannick"]
[WhiteFideId "4137329"]
[BlackFideId "20632525"]
[WhiteElo "2514"]
[BlackElo "2236"]
[Result "0-1"]
[Round "05"]
[TimeControl "180+1"]
[Date "2022.08.23"]
[WhiteClock "0:00:03"]
[BlackClock "0:00:12"]

1. d4 d5 2. c4 dxc4 3. Nc3 a6 4. Bf4 b5 5. e3 Bb7 6. a4 c6 7. Nf3 Nf6 8. Ne5 e6 9. Be2 Nbd7 10. O-O Be7 11. Bf3 Nd5 12. Bxd5 exd5 13. Qg4 Nxe5 14. Bxe5 Bf6 15. Bxf6 Qxf6 16. axb5 cxb5 17. e4 O-O 18. e5 Qg6 19. Qd7 Qc6 20. Qe7 Rfe8 21. Qh4 Qb6 22. Rad1 Bc6 23. f4 b4 24. Ne2 Bb5 25. f5 Rxe5 26. f6 Re6 27. Nf4 Rxf6 28. Nxd5 Rxf1+ 29. Rxf1 Qh6 30. Qe7 Qh5 31. Nxb4 Rf8 32. d5 a5 33. Nc6 Qxd5 34. Ne5 Qd4+ 35. Kh1 c3 36. Qg5 Bxf1 37. Ng4 cxb2 38. Nh6+ Kh8 39. Nxf7+ Rxf7 40. Qg4 Qxg4 0-1


[Site "https://www.chess.com"]

[Event "Titled Tuesday Blitz August 23 Late 2022"]
[White "Zhigalko, Sergei"]
[Black "Nazaretyan, Tigran"]
[WhiteFideId "13502956"]
[BlackFideId "24162345"]
[WhiteElo "2662"]
[BlackElo "2183"]
[Result "0-1"]
[Round "05"]
[TimeControl "180+1"]
[Date "2022.08.23"]
[WhiteClock "0:00:03"]
[BlackClock "0:00:15"]

1. e4 c5 2. Nf3 Nc6 3. c3 Nf6 4. e5 Nd5 5. Bc4 Nb6 6. Bb3 d5 7. exd6 Qxd6 8. O-O Be6 9. Bxe6 Qxe6 10. a4 Nd5 11. d4 cxd4 12. Nxd4 Nxd4 13. Qxd4 Qc6 14. Na3 e6 15. Rd1 Qb6 16. Qe4 Bxa3 17. Rxd5 Bxb2 18. Rb5 Bxa1 19. Rxb6 axb6 20. Ba3 O-O-O 21. g3 Rd1+ 22. Kg2 Rhd8 23. Qxh7 Bxc3 24. Qc2 R8d3 25. Bb4 R1d2 26. Qc1 Rd1 27. Qf4 Rd4 28. Qxf7 Bxb4 29. Qxg7 Bc5 30. Qg8+ Kc7 31. Qf7+ Kb8 32. h4 R4d2 33. Kh3 Rxf2 34. Qxe6 Ka8 35. a5 Rdd2 36. axb6 Rh2+ 37. Kg4 Rd4+ 38. Kh5 Rhd2 39. Qg8+ Rd8 40. Qb3 Kb8 41. Kg4 R2d4+ 42. Kh3 Rb4 43. Qc2 Bxb6 44. Qc3 Rbd4 45. Qa3 Bc7 46. Qb4 Rd3 47. h5 Rxg3+ 48. Kh4 Rgd3 49. Qe7 R8d4+ 50. Kg5 Bd8 0-1


[Site "https://www.chess.com"]

[Event "Titled Tuesday Blitz August 23 Late 2022"]
[White "Al-Tarboush, Ward"]
[Black "Yanchenko, Roman"]
[WhiteFideId "7601450"]
[BlackFideId "4137329"]
[WhiteElo "2234"]
[BlackElo "2514"]
[Result "0-1"]
[Round "06"]
[TimeControl "180+1"]
[Date "2022.08.23"]
[WhiteClock "0:01:23"]
[BlackClock "0:00:13"]

1. d4 d5 2. Nc3 Bf5 3. Bg5 c6 4. e3 Qb6 5. Rb1 e6 6. Bd3 Bg6 7. Nf3 Nd7 8. O-O Ngf6 9. Qe2 Bd6 10. e4 dxe4 11. Nxe4 Nxe4 12. Bxe4 Qa5 13. a3 a6 14. c4 O-O 15. b4 Qc7 16. Rfe1 Rfe8 17. Bxg6 hxg6 18. g3 Nf6 19. Ne5 a5 20. c5 Bxe5 21. dxe5 Nd5 22. Qf3 axb4 23. axb4 Ra4 24. b5 cxb5 25. Rxb5 Rea8 26. h4 Ra1 27. Rbb1 Rxb1 28. Rxb1 Qxe5 29. Rxb7 f6 30. Bf4 Ra1+ 31. Kh2 Nxf4 32. Qxf4 Qd5 33. Rb8+ Kh7 34. f3 Qa2+ 35. Kh3 f5 0-1


[Site "https://www.chess.com"]

[Event "Titled Tuesday Blitz August 23 Late 2022"]
[White "Aldokhin, Ivan"]
[Black "Bacrot, Etienne"]
[WhiteFideId "24115720"]
[BlackFideId "605506"]
[WhiteElo "2246"]
[BlackElo "2673"]
[Result "1/2-1/2"]
[Round "06"]
[TimeControl "180+1"]
[Date "2022.08.23"]
[WhiteClock "0:00:06"]
[BlackClock "0:00:10"]

1. e4 c5 2. Nf3 d6 3. d4 cxd4 4. Nxd4 Nf6 5. Nc3 Nc6 6. Bc4 Qb6 7. Nb3 e6 8. f4 Be7 9. Qf3 Nb4 10. Qe2 a6 11. a3 Nc6 12. g4 h6 13. Be3 Qc7 14. a4 d5 15. exd5 exd5 16. Nxd5 Nxd5 17. Bxd5 Nb4 18. Be4 Be6 19. O-O Bc4 20. Qf3 Bxf1 21. Rxf1 O-O 22. Nd4 Bc5 23. c3 Nc6 24. Nxc6 Bxe3+ 25. Qxe3 bxc6 26. Qc5 Rfe8 27. Qxc6 Qa7+ 28. Kh1 Rac8 29. Qd5 Rcd8 30. Qc6 Re6 31. Qc4 Qe7 32. Bf3 Re1 33. Kg2 Rxf1 34. Kxf1 Qe3 35. Qe4 Rd1+ 36. Kg2 Rd2+ 37. Kh3 Qxe4 38. Bxe4 Rxb2 39. Bd3 a5 40. Kg3 Rb3 41. Kf3 Rxc3 42. Ke4 Ra3 43. Bb5 Rh3 44. Kd5 Rxh2 45. Kc5 Rh4 46. Kb6 Rxg4 47. Kxa5 Rxf4 48. Kb6 Rf2 49. a5 Ra2 50. a6 g5 51. a7 g4 52. Ba6 Rb2+ 53. Bb5 Ra2 54. Ba6 Rb2+ 55. Ka5 Ra2+ 56. Kb6 1/2-1/2


[Site "https://www.chess.com"]

[Event "Titled Tuesday Blitz August 23 Late 2022"]
[White "Bjelobrk, Igor"]
[Black "Bryakin, Mikhail"]
[WhiteFideId "4300726"]
[BlackFideId "4165314"]
[WhiteElo "2335"]
[BlackElo "2353"]
[Result "1-0"]
[Round "06"]
[TimeControl "180+1"]
[Date "2022.08.23"]
[WhiteClock "0:01:51"]
[BlackClock "0:01:40"]

1. Nf3 f5 2. d3 Nf6 3. e4 fxe4 4. dxe4 Nxe4 5. Bd3 Nf6 6. Ng5 g6 7. h4 e5 8. h5 e4 9. Nxe4 Nxe4 10. Bxe4 Qe7 11. Qe2 g5 12. Bxg5 Qe6 13. Nc3 c6 14. Rh3 d5 15. Re3 Kd7 16. Bxd5 Qd6 17. O-O-O Kc7 18. Bxc6 Qxc6 19. Bd8# 1-0


[Site "https://www.chess.com"]

[Event "Titled Tuesday Blitz August 23 Late 2022"]
[White "Bok, Benjamin"]
[Black "Pulpan, Jakub"]
[WhiteFideId "1017063"]
[BlackFideId "302759"]
[WhiteElo "2658"]
[BlackElo "2451"]
[Result "1-0"]
[Round "06"]
[TimeControl "180+1"]
[Date "2022.08.23"]
[WhiteClock "0:01:05"]
[BlackClock "0:00:13"]

1. d4 Nf6 2. c4 e6 3. Nc3 Bb4 4. Qc2 O-O 5. a3 Bxc3+ 6. Qxc3 d5 7. Bg5 dxc4 8. Qxc4 b6 9. Rd1 Bb7 10. f3 Nbd7 11. e4 h6 12. Bh4 Qc8 13. Ne2 c5 14. Nc3 cxd4 15. Qxd4 Ba6 16. Kf2 Bxf1 17. Rhxf1 e5 18. Qe3 Qc4 19. Rd2 g5 20. Bg3 Rfe8 21. h4 Qc5 22. hxg5 hxg5 23. Rfd1 Qxe3+ 24. Kxe3 Nf8 25. Nb5 Re7 26. Rd8 Rxd8 27. Rxd8 Kg7 28. Nd6 Rd7 29. Nf5+ Kg8 30. Ra8 1-0


[Site "https://www.chess.com"]

[Event "Titled Tuesday Blitz August 23 Late 2022"]
[White "Bortnyk, Olexandr"]
[Black "Makarian, Rudik"]
[WhiteFideId "14120828"]
[BlackFideId "44105681"]
[WhiteElo "2723"]
[BlackElo "2403"]
[Result "1-0"]
[Round "06"]
[TimeControl "180+1"]
[Date "2022.08.23"]
[WhiteClock "0:00:23"]
[BlackClock "0:00:19"]

1. d4 Nf6 2. Nc3 d6 3. e4 e5 4. Nf3 Nbd7 5. Bc4 Be7 6. O-O O-O 7. a4 c6 8. Re1 exd4 9. Nxd4 Ne5 10. Bb3 Ng6 11. h3 Re8 12. Qf3 Bd7 13. Bf4 Nxf4 14. Qxf4 Qa5 15. Rad1 Rad8 16. Nf3 Be6 17. Bxe6 fxe6 18. e5 Nd5 19. Nxd5 exd5 20. exd6 Bf6 21. Rxe8+ Rxe8 22. d7 Rd8 23. Qd6 Qxa4 24. Re1 c5 25. Qxd5+ Kh8 26. Qf7 h6 27. Re8+ Kh7 28. Qg8+ Kg6 29. Rxd8 1-0


[Site "https://www.chess.com"]

[Event "Titled Tuesday Blitz August 23 Late 2022"]
[White "Boruchovsky, Avital"]
[Black "Navarrete Mendez, Gonzalo Alberto"]
[WhiteFideId "2800055"]
[BlackFideId "5106850"]
[WhiteElo "2466"]
[BlackElo "2261"]
[Result "1-0"]
[Round "06"]
[TimeControl "180+1"]
[Date "2022.08.23"]
[WhiteClock "0:00:05"]
[BlackClock "0:00:09"]

1. c4 e5 2. Nc3 Nc6 3. Nf3 Nf6 4. e4 Bc5 5. Nxe5 Nxe5 6. d4 Bb4 7. dxe5 Nxe4 8. Qf3 f5 9. exf6 O-O 10. Bd3 Nxc3 11. O-O Qxf6 12. Qh3 Ne2+ 13. Bxe2 d6 14. Qg3 Bc5 15. Bd2 Bd4 16. Rab1 Bf5 17. Bd3 Rae8 18. Bxf5 Qxf5 19. Be3 Bxe3 20. fxe3 Qe4 21. Rxf8+ Rxf8 22. Rc1 Re8 23. Re1 Qxc4 24. Qf3 c6 25. a3 Qb3 26. Qf4 Qxb2 27. Qxd6 Qc3 28. Re2 Qc1+ 29. Kf2 Rf8+ 30. Kg3 Qc4 31. Rd2 Re8 32. Rd3 Qc1 33. Qd4 Qe1+ 34. Kh3 Qe2 35. Qc4+ Kh8 36. Qd4 Qh5+ 37. Kg3 Qg6+ 38. Kf2 h6 39. h3 Rf8+ 40. Kg1 Qg3 41. Rc3 Qf2+ 42. Kh2 Qf6 43. Qd3 Qe5+ 44. Kg1 Qf6 45. Rb3 Qf2+ 46. Kh2 Qf7 47. e4 Qc7+ 48. Kg1 Re8 49. Qd4 b6 50. Rf3 c5 51. Qd5 Qe7 52. e5 Qxe5 53. Rf8+ Kh7 54. Qg8+ Kg6 55. Qf7+ Kg5 56. Rxe8 Qd4+ 57. Kh2 Qd6+ 58. Kh1 Qd1+ 59. Kh2 Qd6+ 60. Kg1 Qd1+ 61. Qf1 Qd4+ 62. Kh1 Kg6 63. Re6+ Kh7 64. Qf5+ g6 65. Re7+ Kh8 66. Qf8# 1-0


[Site "https://www.chess.com"]

[Event "Titled Tuesday Blitz August 23 Late 2022"]
[White "Caruana, Fabiano"]
[Black "Bluebaum, Matthias"]
[WhiteFideId "2020009"]
[BlackFideId "24651516"]
[WhiteElo "2847"]
[BlackElo "2603"]
[Result "0-1"]
[Round "06"]
[TimeControl "180+1"]
[Date "2022.08.23"]
[WhiteClock "0:00:22"]
[BlackClock "0:00:15"]

1. e4 e6 2. d4 d5 3. exd5 exd5 4. Bd3 Nc6 5. c3 Bd6 6. h3 Nge7 7. Qc2 Be6 8. Ne2 Qd7 9. Bf4 Bf5 10. Nd2 O-O-O 11. O-O Bxd3 12. Qxd3 Ng6 13. Bxd6 Qxd6 14. g3 Rde8 15. Rae1 Qd7 16. Kg2 h5 17. f4 f5 18. h4 Re4 19. Ng1 Rhe8 20. Nxe4 fxe4 21. Qe2 Qf5 22. Nh3 Nf8 23. Ng5 g6 24. Kh2 Nd7 25. Kg2 Nf6 26. Nf7 Ng4 27. Ne5 e3 28. Qf3 Ncxe5 29. fxe5 Qd3 30. Re2 c5 31. dxc5 Re7 32. a4 Rf7 0-1


[Site "https://www.chess.com"]

[Event "Titled Tuesday Blitz August 23 Late 2022"]
[White "Claverie, Christophe"]
[Black "Tristan, Leonardo"]
[WhiteFideId "605514"]
[BlackFideId "113816"]
[WhiteElo "2300"]
[BlackElo "2404"]
[Result "1-0"]
[Round "06"]
[TimeControl "180+1"]
[Date "2022.08.23"]
[WhiteClock "0:00:30"]
[BlackClock "0:00:24"]

1. d4 d5 2. c4 e6 3. Nf3 Nf6 4. Nc3 a6 5. e3 b6 6. b3 Bb7 7. Bb2 Bd6 8. Bd3 Nbd7 9. O-O O-O 10. Qe2 Qe7 11. e4 dxe4 12. Nxe4 Nxe4 13. Bxe4 Bxe4 14. Qxe4 Nf6 15. Qc6 Qd7 16. Qxd7 Nxd7 17. Rad1 Rfd8 18. Rd3 c6 19. Rfd1 a5 20. Ne5 Rac8 21. f4 Kf8 22. g3 Ke7 23. Kg2 Nb8 24. Kf3 Na6 25. a3 Bxe5 26. dxe5 Rxd3+ 27. Rxd3 Nc5 28. Re3 Rd8 29. b4 Nd3 30. Bc3 a4 31. Ke4 Nc1 32. Re1 Na2 33. Bd4 c5 34. bxc5 bxc5 35. Bxc5+ Ke8 36. Bd4 Rc8 37. Ra1 Rxc4 38. Rxa2 Kd7 39. Kd3 Rc7 40. Rc2 Rb7 41. Rb2 Rc7 42. Rb4 Rc1 43. Rxa4 h5 44. Ra7+ Kc6 45. Rxf7 Rd1+ 46. Ke4 Re1+ 47. Be3 Ra1 48. Re7 Rxa3 49. Rxe6+ Kb5 50. Rg6 Ra4+ 51. Bd4 Kc4 52. Rxg7 h4 53. gxh4 Kb3 54. Rb7+ Kc2 55. Rb2+ Kd1 56. Rg2 Ke1 57. h5 Kf1 58. Rg1+ Ke2 59. h6 Ra3 60. Rg3 Ra2 61. h7 Kf1 62. Rg1+ Ke2 63. Rg2+ Kf1 64. Rxa2 1-0


[Site "https://www.chess.com"]

[Event "Titled Tuesday Blitz August 23 Late 2022"]
[White "Danielyan, Vahe"]
[Black "Ohanyan, Emin"]
[WhiteFideId "13304828"]
[BlackFideId "13312022"]
[WhiteElo "2421"]
[BlackElo "1927"]
[Result "0-1"]
[Round "06"]
[TimeControl "180+1"]
[Date "2022.08.23"]
[WhiteClock "0:01:03"]
[BlackClock "0:01:34"]

1. Nf3 d5 2. b3 Nf6 3. Bb2 Bf5 4. e3 e6 5. Ke2 Nbd7 6. d3 Bd6 7. Nbd2 Ke7 8. h3 Ke8 9. g4 Bg6 10. Bg2 Qe7 11. Kf1 e5 12. c4 Bxd3+ 13. Kg1 e4 14. Nd4 g6 15. cxd5 Nxd5 16. Nc4 Ne5 17. Nxd6+ cxd6 18. Rc1 h5 19. gxh5 Rxh5 20. Ne2 Rf5 21. Ng3 Nf3+ 22. Bxf3 Rxf3 23. Qd2 Qg5 24. Kg2 Nxe3+ 25. Kh2 Ng4+ 0-1


[Site "https://www.chess.com"]

[Event "Titled Tuesday Blitz August 23 Late 2022"]
[White "Deac, Bogdan-Daniel"]
[Black "Tahbaz, Arash"]
[WhiteFideId "1226380"]
[BlackFideId "12528846"]
[WhiteElo "2648"]
[BlackElo "2378"]
[Result "1-0"]
[Round "06"]
[TimeControl "180+1"]
[Date "2022.08.23"]
[WhiteClock "0:00:04"]
[BlackClock "0:00:03"]

1. Nf3 g6 2. d4 Bg7 3. g3 Nf6 4. Bg2 O-O 5. O-O d6 6. b3 e5 7. c4 e4 8. Nfd2 Re8 9. e3 Bf5 10. Nc3 Nbd7 11. h3 h5 12. f3 exf3 13. Qxf3 c6 14. Bb2 d5 15. Rae1 dxc4 16. bxc4 Nc5 17. Ba1 Qd7 18. dxc5 Qxd2 19. e4 Nd7 20. Rd1 Qc2 21. exf5 Ne5 22. Qf2 Qxf2+ 23. Rxf2 Nxc4 24. fxg6 fxg6 25. Rb1 Bd4 26. Ne4 Bxf2+ 27. Kxf2 Re7 28. g4 hxg4 29. hxg4 Rf8+ 30. Nf6+ Kf7 31. g5 Rd8 32. Bf1 Rd2+ 33. Kg1 Ne5 34. Bg2 Nd3 35. Bc3 Rxa2 36. Rf1 Ree2 37. Bh3 Ke7 38. Ng8+ Ke8 39. Nf6+ Kd8 40. Ng4 Rac2 41. Bf6+ Kc7 42. Nh6 Rxc5 43. Nf7 Rc1 44. Nh8 a5 45. Nxg6 a4 46. Rxc1 Nxc1 47. Nh4 a3 48. g6 Nd3 49. g7 Re8 50. Be6 b5 51. Bf7 Ra8 52. Ng6 a2 53. Nf8 a1=Q+ 54. Bxa1 Rxa1+ 55. Kh2 Nf4 56. g8=Q Kb6 57. Qg4 Nd3 58. Qd4+ Nc5 59. Nd7+ 1-0


[Site "https://www.chess.com"]

[Event "Titled Tuesday Blitz August 23 Late 2022"]
[White "Dubov, Daniil"]
[Black "Pakleza, Zbigniew"]
[WhiteFideId "24126055"]
[BlackFideId "1119290"]
[WhiteElo "2791"]
[BlackElo "2411"]
[Result "1-0"]
[Round "06"]
[TimeControl "180+1"]
[Date "2022.08.23"]
[WhiteClock "0:00:58"]
[BlackClock "0:00:01"]

1. d4 d5 2. c4 c6 3. Nf3 Nf6 4. Nc3 Qb6 5. g3 Bf5 6. Bg2 e6 7. O-O Be7 8. Nh4 Bg4 9. h3 Bh5 10. g4 Bg6 11. g5 Ne4 12. Nxg6 Nxc3 13. bxc3 hxg6 14. Qd3 Qa6 15. cxd5 exd5 16. Rb1 b5 17. e4 dxe4 18. Qxe4 Qb7 19. Re1 Kd8 20. d5 Re8 21. d6 1-0


[Site "https://www.chess.com"]

[Event "Titled Tuesday Blitz August 23 Late 2022"]
[White "Godzwon, Iwo"]
[Black "Aghasiyev, Kamal"]
[WhiteFideId "21802483"]
[BlackFideId "13402854"]
[WhiteElo "2201"]
[BlackElo "2210"]
[Result "0-1"]
[Round "06"]
[TimeControl "180+1"]
[Date "2022.08.23"]
[WhiteClock "0:00:13"]
[BlackClock "0:00:11"]

1. e4 e5 2. Nf3 Nc6 3. Bb5 a6 4. Ba4 Nf6 5. O-O b5 6. Bb3 Bc5 7. a4 b4 8. Nxe5 Nxe5 9. d4 Bxd4 10. Qxd4 Nc6 11. Qc5 Qe7 12. Qxe7+ Nxe7 13. e5 Nfd5 14. Rd1 Bb7 15. Bg5 h6 16. Bh4 Nf4 17. f3 Bd5 18. Nd2 g5 19. Bg3 Ne2+ 20. Kf2 Nxg3 21. hxg3 Bxb3 22. cxb3 Nc6 23. f4 O-O-O 24. Ne4 gxf4 25. gxf4 Rhg8 26. Rac1 Rg4 27. g3 Kb8 28. Nf6 Rg6 29. Nxd7+ Kb7 30. Nc5+ Kb6 31. Ne4 Rxd1 32. Rxd1 Na5 33. Rd4 Nc6 34. Rc4 Rg8 35. Ke3 Rd8 36. g4 Rd1 37. Rc2 Re1+ 38. Re2 Rg1 39. g5 h5 40. Rh2 Ne7 41. Nd2 Nf5+ 42. Ke4 Ng3+ 43. Kf3 Nf5 44. Rxh5 Rd1 45. Nc4+ Kc5 46. Rh7 Nd4+ 47. Kg4 Rg1+ 48. Kh3 Rh1+ 49. Kg2 Rxh7 50. Nd2 Nf5 51. Ne4+ Kd4 52. Nf6 Rh8 53. g6 fxg6 54. Kf3 Rh3+ 55. Kg4 Rg3# 0-1


[Site "https://www.chess.com"]

[Event "Titled Tuesday Blitz August 23 Late 2022"]
[White "Hansen, Eric"]
[Black "Kosteniuk, Alexandra"]
[WhiteFideId "2606771"]
[BlackFideId "4128125"]
[WhiteElo "2568"]
[BlackElo "2469"]
[Result "1-0"]
[Round "06"]
[TimeControl "180+1"]
[Date "2022.08.23"]
[WhiteClock "0:00:06"]
[BlackClock "0:00:01"]

1. Nf3 f5 2. d3 Nf6 3. e4 d6 4. Nc3 e5 5. exf5 Bxf5 6. d4 e4 7. Nh4 Bg4 8. Be2 Bxe2 9. Qxe2 d5 10. Bg5 Bb4 11. Qb5+ Nc6 12. O-O Bxc3 13. bxc3 Rb8 14. f3 O-O 15. fxe4 dxe4 16. Rf5 Qd6 17. Raf1 Ne7 18. Qc4+ Kh8 19. R5f2 Ned5 20. Nf5 Qd7 21. h3 Rbe8 22. Ne3 Nxe3 23. Bxe3 Qd6 24. Rf5 b6 25. Bf4 Qd7 26. Be5 Re6 27. d5 Rxe5 28. Rxe5 Qd6 29. Qd4 h6 30. Re6 Qd8 31. c4 Kh7 32. Qe5 Rf7 33. a4 Qf8 34. Qf5+ Kg8 35. Qe5 Qc5+ 36. Kh1 Qxc4 37. Rd1 Qe2 38. Rg1 Qxc2 39. d6 cxd6 40. Rxd6 Qxa4 41. Qe6 1-0


[Site "https://www.chess.com"]

[Event "Titled Tuesday Blitz August 23 Late 2022"]
[White "Harvey, Marcus R"]
[Black "Martinez Alcantara, Jose Eduardo"]
[WhiteFideId "400092"]
[BlackFideId "3805662"]
[WhiteElo "2485"]
[BlackElo "2703"]
[Result "0-1"]
[Round "06"]
[TimeControl "180+1"]
[Date "2022.08.23"]
[WhiteClock "0:00:02"]
[BlackClock "0:01:01"]

1. c4 c5 2. Nf3 Nc6 3. d4 cxd4 4. Nxd4 Nf6 5. Nc3 g6 6. e4 d6 7. Be2 Nxd4 8. Qxd4 Bg7 9. Be3 O-O 10. O-O Ng4 11. Qd2 Nxe3 12. Qxe3 Be6 13. Rac1 Qb6 14. Qd2 Rfc8 15. b3 a5 16. Rfd1 Qc5 17. Na4 Qa7 18. Rc2 Bd7 19. Nc3 Bc6 20. Nd5 Kf8 21. Rdc1 Qc5 22. h4 e6 23. Nc3 Rd8 24. Qf4 Qe5 25. Qe3 Qd4 26. Qf4 Qf6 27. Qg3 Bh6 28. Rf1 Bf4 29. Qh3 Be5 30. h5 g5 31. h6 Rac8 32. Re1 Ke7 33. Bd1 g4 34. Qxg4 Rg8 35. Qf3 Qxh6 36. Nd5+ exd5 37. exd5 Qh2+ 38. Kf1 Bd7 39. Re4 Qh1+ 40. Ke2 Qxg2 41. c5 Qxf3+ 42. Kxf3 Bf5 43. cxd6+ Kxd6 44. Rxc8 Bxe4+ 0-1


[Site "https://www.chess.com"]

[Event "Titled Tuesday Blitz August 23 Late 2022"]
[White "Hnydiuk, Aleksander"]
[Black "Zhigalko, Sergei"]
[WhiteFideId "1109057"]
[BlackFideId "13502956"]
[WhiteElo "2374"]
[BlackElo "2662"]
[Result "0-1"]
[Round "06"]
[TimeControl "180+1"]
[Date "2022.08.23"]
[WhiteClock "0:00:12"]
[BlackClock "0:00:02"]

1. e4 c5 2. Nf3 Nc6 3. d4 cxd4 4. Nxd4 Nf6 5. Nc3 e5 6. Ndb5 d6 7. Bg5 a6 8. Na3 b5 9. Nd5 Be7 10. Bxf6 Bxf6 11. c3 Bg5 12. Nc2 Ne7 13. a4 bxa4 14. Ncb4 O-O 15. Rxa4 a5 16. Nxe7+ Qxe7 17. Nd5 Qb7 18. Ra2 Be6 19. Bc4 Rfc8 20. Qd3 Rc5 21. O-O Kh8 22. Rfa1 f5 23. f3 fxe4 24. fxe4 Rf8 25. Kh1 h6 26. b3 Qf7 27. h3 Qh5 28. Rxa5 Rxa5 29. Rxa5 Rf2 30. Ra8+ Kh7 31. Ra1 Rd2 32. Qf1 Bg4 33. Kg1 Qh4 34. Qe1 Qxe1+ 35. Rxe1 Bd1 36. b4 Bh4 37. Rf1 Bc2 38. Nc7 Bxe4 39. Bd5 Bxd5 0-1


[Site "https://www.chess.com"]